 Dungeon Crawl Stone Soup version 0.30.1-11-g7821555f0a (webtiles) character file.

Game seed: 10421775908748333670

9926 ChrisAssaf the Reanimator (level 11, -5/83 HPs)
             Began as a Gnoll Necromancer on Dec 21, 2023.
             Was an Elder of Makhleb.
             Killed from afar by a lindwurm (20 damage)
             ... with a blast of flame
             ... in a volcano.
             The game lasted 00:50:42 (10562 turns).

ChrisAssaf the Reanimator (Gnoll Necromancer)      Turns: 10562, Time: 00:50:43

Health: -5/83      AC:  9    Str:  9    XL:     11   Next: 54%
Magic:  8/23       EV: 23    Int: 21    God:    Makhleb [****..]
Gold:   537        SH:  0    Dex: 13    Spells: 14/26 levels left

rFire   . . .        z - +6 battleaxe
rCold   . . .        (shield currently unavailable)
rNeg    . . .        t - +3 ring mail of Servitude {+Inv Int+4}
rPois   .            (no helmet)
rElec   .            (no cloak)
rCorr   .            (no gloves)
SInv    .            (no boots)
Will    .....        m - amulet of regeneration
Stlth   +++          f - +5 ring of evasion
HPRegen 1.13/turn    i - +5 ring of evasion
MPRegen 0.18/turn

%: no passive effects
@: no status effects
A: fangs 1, strong nose, distributed training, noise suppression
a: Renounce Religion, Evoke Invisibility, Minor Destruction, Lesser Servant of
Makhleb, Major Destruction


You were in a volcano.
You worshipped Makhleb.
Makhleb was greatly pleased with you.
You visited 3 branches of the dungeon, and saw 11 of its levels.
You also visited: Sewer and Volcano.

You collected 633 gold pieces.
You spent 96 gold pieces at shops.

Inventory:

Hand Weapons
 z - a +6 battleaxe (weapon)
Missiles
 C - a curare-tipped dart (quivered)
Armour
 a - a +1 robe
 j - a +3 leather armour
 t - the +3 ring mail of Servitude (worn) {+Inv Int+4}
   (You found it on level 5 of the Dungeon)

   Int:       It affects your intelligence (+4).
   +Inv:      It lets you turn invisible.
Jewellery
 f - a +5 ring of evasion (left hand)
 i - a +5 ring of evasion (right hand)
 m - an amulet of regeneration (around neck)
 r - a ring of ice
 w - an amulet of magic regeneration
 A - a ring of fire
 D - a ring of flight
Wands
 d - a wand of acid (6)
 x - a wand of polymorph (2)
 B - a wand of iceblast (6)
Scrolls
 v - 2 scrolls of amnesia
 y - a scroll of brand weapon {unknown}
Potions
 b - 2 potions of magic
 c - 6 potions of curing
 e - 9 potions of flight
 g - 2 potions of attraction {unknown}
 h - 2 potions of cancellation
 k - 3 potions of lignification
 o - 2 potions of degeneration
 p - a potion of resistance {unknown}
 q - 3 potions of invisibility
 s - 4 potions of brilliance
 u - 2 potions of berserk rage {unknown}
Miscellaneous
 l - a phial of floods (inert)


   Skills:
 + Level 6.6 Fighting
 + Level 6.6 Short Blades
 + Level 6.6 Long Blades
 + Level 6.6 Axes
 + Level 6.6 Maces & Flails
 + Level 6.6 Polearms
 + Level 6.6 Staves
 + Level 6.6 Ranged Weapons
 + Level 6.6 Throwing
 + Level 6.6 Armour
 + Level 8.1 Dodging
 + Level 7.9 Stealth
 + Level 6.6 Shields
 + Level 6.6 Unarmed Combat
 + Level 8.4 Spellcasting
 + Level 5.5 Conjurations
 + Level 5.5 Hexes
 + Level 5.5 Summonings
 + Level 9.1 Necromancy
 + Level 5.5 Translocations
 + Level 5.5 Transmutations
 + Level 5.5 Fire Magic
 + Level 5.5 Ice Magic
 + Level 5.5 Air Magic
 + Level 5.5 Earth Magic
 + Level 5.5 Poison Magic
 + Level 7.2 Invocations
 + Level 6.6 Evocations


You had 14 spell levels left.
You knew the following spells:

 Your Spells              Type           Power      Damage    Failure   Level
a - Agony                 Necr           47%        N/A       12%         5
b - Vampiric Draining     Necr           47%        2d9       1%          3
c - Animate Dead          Necr           47%        N/A       4%          4

Your spell library contained the following spells:

 Spells                   Type           Power      Damage    Failure   Level
 Necrotise                Necr           100%       1d9       1%          1
 Ozocubu's Armour         Ice            31%        N/A       6%          3
 Ozocubu's Refrigeration  Ice            15%        4d10      100%        7


Dungeon Overview and Level Annotations

Branches:
Dungeon (9/15)             Temple (1/1) D:4            Lair (1/5) D:9
  Sewer (visited)         Volcano (1/1)
    Orc: D:9-12

Altars:
Ashenzari
Cheibriados
Dithmenos
Fedhas
Gozag
Hepliaklqana
Kikubaaqudgha
Makhleb
Nemelex Xobeh
Okawaru
Qazlal
Ru
Sif Muna
Trog
Uskayaw
Vehumet
Xom
Yredelemnul
Zin
The Shining One

Shops:
D:6 *:

Annotations:
D:4 2 transporters, tallbingo's ghost, amateur SpBr


Innate Abilities, Weirdness & Mutations

You have very sharp teeth.
Your uncanny sense of smell can sniff out nearby items.
Your experience applies equally to all skills.
You passively dampen the noise of your surroundings.


Message History

You draw life force from the steam dragon!
You kill the steam dragon!
Makhleb accepts your kill.
You feel life coursing into your body. 2 lindwurms come into view.
The lindwurm roars!
The lindwurm breathes flames at you. The blast of flame misses you.
Aim the phial where?
Press: ? - help, Shift-Dir - straight line, f - lindwurm
Aim: a lindwurm (wandering, hasn't noticed you)
The torrent of water hits the lindwurm!!
The lindwurm is heavily wounded.
The lindwurm is knocked back by the torrent of water.
The lindwurm is engulfed in water.
The wave splashes down.
The lindwurm roars!
Aiming: Corrosive Bolt
Press: ? - help, Shift-Dir - straight line, f/p - lindwurm
Aim: a lindwurm (88% to hit)
The bolt of acid hits the lindwurm!
The acid corrodes the lindwurm!
The lindwurm is moderately wounded.
A demon appears!
The lindwurm is no longer waterlogged.
You slash the lindwurm!
The lindwurm is heavily wounded.
The lindwurm breathes flames at you. The blast of flame hits you!!!
* * * LOW HITPOINT WARNING * * *
Your neqoxec barely misses the lindwurm.
Unknown command.
Casting: Vampiric Draining (safe; 1% risk of failure)
Confirm with . or Enter, or press ? or * to list all spells.
Aiming: Vampiric Draining (safe; 1% risk of failure)
Press: ? - help, Shift-Dir - straight line, f/p - lindwurm
Aim: a lindwurm (moderately wounded, covered in acid)
You draw life force from the lindwurm!
You feel life coursing into your body. The lindwurm misses you.
The lindwurm claws you but does no damage. x2
The lindwurm breathes flames at you. The blast of flame hits you!!
You die...

### ####
###.##...###
###............
###.....≈..≈§≈#..
##....§≈.....##...
##@.............#
##.kk.#####..§.#≈.#
##...3## #.......#
#..~.## #.....###
#~~~~# #.....##
#~~~~# ##.§§..###§
#8~~8# ##.§§....§
#....# ##.§...≈.
#....# #§...§§#.


You could see 2 lindwurms and a friendly neqoxec (summoned).

Vanquished Creatures
  Amaemon (D:8)
  A lindwurm (Volcano)
  An orange demon (D:8)
  Maggie (D:8)
  A rime drake (D:7)
  A troll (D:9)
  Grinder (D:6)
  A wraith (D:9)
  A wyvern (D:8)
  7 yaks
  Grum (D:8)
  3 steam dragons
  Edmund (D:4)
  3 water moccasins
  The ghost of Ekaitz the Gusty, an amateur TeAE (D:3)
  A hell hound (Volcano)
  2 orc warriors
  2 sky beasts (D:7)
  An ice beast (D:6)
  A black bear (D:6)
  2 wolves (D:8)
  2 centaurs
  3 ogres (D:4)
  A phantom (D:5)
  2 kobold brigands
  2 bullfrogs
  3 scorpions
  8 wights (D:7)
  9 killer bees
  A howler monkey (D:6)
  3 electric eels (D:7)
  4 orc priests
  2 hounds
  A sleepcap (D:7)
  An iguana (D:5)
  5 orc wizards
  5 adders
  4 gnolls (D:7)
  3 river rats (Sewer)
  A shadow imp (D:6)
  3 white imps
  2 ufetubi (D:6)
  3 worms
  3 dart slugs
  34 orcs
  6 endoplasms
  6 giant cockroaches
  7 goblins
  11 hobgoblins
  2 jackals
  3 quokkas
  4 ball pythons
  7 bats
  4 frilled lizards
  13 kobolds
  7 rats
209 creatures vanquished.

Vanquished Creatures (collateral kills)
  A wraith (D:9)
  6 yaks
  2 hell hounds (Lair:1)
  A centaur (D:9)
  An ogre (D:5)
  A wolf (D:8)
  A kobold brigand (Sewer)
  2 bullfrogs (D:9)
  5 killer bees (D:9)
  2 howler monkeys (D:9)
  A jelly (D:7)
  An orc priest (D:8)
  A worm (D:3)
  4 orcs
  A bat (D:1)
  A jackal (Sewer)
  4 kobolds
  2 rats
37 creatures vanquished.

Vanquished Creatures (others)
  A water moccasin zombie (D:8)
  3 wolf zombies (D:8)
  A bullfrog zombie (D:7)
  3 killer bee zombies (D:9)
  A sky beast zombie (D:7)
  A bat zombie (D:3)
  A giant cockroach zombie (D:1)
  A hobgoblin zombie (D:1)
  A kobold zombie (D:1)
  9 orc zombies
  A rat zombie (Sewer)
23 creatures vanquished.

Grand Total: 269 creatures vanquished

Notes
Turn   | Place    | Note
-------+----------+-------------------------------------------
     0 | D:1      | ChrisAssaf the Gnoll Necromancer began the quest for the
                  | Orb.
     0 | D:1      | Reached XP level 1. HP: 13/13 MP: 6/6
    59 | D:1      | Found a large runed translucent door.
    59 | D:1      | Found a large runed translucent door.
   162 | D:1      | Identified a scroll of acquirement
   162 | D:1      | Acquired a +3 quick blade of venom
   193 | D:1      | Reached XP level 2. HP: 10/19 MP: 4/7
   499 | D:2      | Reached skill level 5 in Spellcasting
   499 | D:2      | Reached XP level 3. HP: 21/25 MP: 7/9
   524 | D:2      | Learned a level 3 spell: Vampiric Draining
   576 | D:3      | Reached skill level 1 in Invocations
   608 | D:3      | Reached skill level 1 in Fighting
   608 | D:3      | Reached skill level 1 in Short Blades
   608 | D:3      | Reached skill level 1 in Long Blades
   608 | D:3      | Reached skill level 1 in Axes
   608 | D:3      | Reached skill level 1 in Maces & Flails
   608 | D:3      | Reached skill level 1 in Polearms
   608 | D:3      | Reached skill level 1 in Staves
   608 | D:3      | Reached skill level 1 in Ranged Weapons
   608 | D:3      | Reached skill level 1 in Throwing
   608 | D:3      | Reached skill level 1 in Armour
   608 | D:3      | Reached skill level 1 in Shields
   608 | D:3      | Reached skill level 1 in Unarmed Combat
   608 | D:3      | Reached skill level 1 in Evocations
   839 | D:3      | Found a runed translucent door.
   843 | D:3      | Noticed Ekaitz's ghost (amateur TeAE)
   954 | D:3      | Reached XP level 4. HP: 32/32 MP: 2/11
  1022 | D:3      | Learned a level 4 spell: Animate Dead
  1105 | D:3      | Reached skill level 1 in Conjurations
  1105 | D:3      | Reached skill level 1 in Hexes
  1105 | D:3      | Reached skill level 1 in Summonings
  1105 | D:3      | Reached skill level 1 in Translocations
  1105 | D:3      | Reached skill level 1 in Transmutations
  1105 | D:3      | Reached skill level 1 in Fire Magic
  1105 | D:3      | Reached skill level 1 in Ice Magic
  1105 | D:3      | Reached skill level 1 in Air Magic
  1105 | D:3      | Reached skill level 1 in Earth Magic
  1105 | D:3      | Reached skill level 1 in Poison Magic
  1437 | D:3      | Killed Ekaitz's ghost
  1438 | D:3      | Reached XP level 5. HP: 32/38 MP: 12/12
  1539 | D:4      | Noticed Edmund
  1572 | D:4      | Killed Edmund
  1573 | D:4      | Reached skill level 5 in Dodging
  1573 | D:4      | Reached XP level 6. HP: 20/44 MP: 3/14
  1681 | D:4      | Found a transporter.
  1744 | D:4      | Found a transporter.
  1773 | D:4      | Reached XP level 7. HP: 50/50 MP: 15/15
  1845 | D:4      | Found an ancient bone altar of Kikubaaqudgha.
  1891 | D:4      | Found a blossoming altar of Fedhas.
  1939 | D:4      | Learned a level 5 spell: Agony
  1982 | D:4      | Found a staircase to the Ecumenical Temple.
  1991 | Temple   | Entered the Ecumenical Temple
  2083 | Temple   | Became a worshipper of Makhleb the Destroyer
  2206 | D:4      | Reached skill level 5 in Stealth
  2754 | D:4      | Noticed tallbingo's ghost (amateur SpBr)
  4145 | D:1      | Reached XP level 8. HP: 48/58 MP: 3/16
  4395 | D:5      | Entered Level 5 of the Dungeon
  4416 | D:5      | Reached * piety under Makhleb
  4696 | D:5      | Identified the +3 ring mail of Servitude {+Inv Int+4}
  5376 | D:6      | Found a glowing drain.
  5380 | Sewer    | Entered a sewer
  5399 | Sewer    | Reached ** piety under Makhleb
  5463 | Sewer    | Reached XP level 9. HP: 58/65 MP: 11/18
  5480 | Sewer    | Found a white marble altar of Elyvilon.
  5618 | D:6      | Found a bloodstained altar of Trog.
  5734 | D:6      | Reached skill level 8 in Necromancy
  5771 | D:6      | Found Wauxausm's General Store.
  5774 | D:6      | Bought a scroll of identify for 24 gold pieces
  5774 | D:6      | Bought a potion of lignification for 36 gold pieces
  5774 | D:6      | Bought a potion of curing for 36 gold pieces
  5787 | D:6      | Found a sparkling altar of Nemelex Xobeh.
  6037 | D:6      | Found Qastit's Book Shoppe.
  6206 | D:6      | Noticed Grinder
  6213 | D:6      | Paralysed by Grinder for 3 turns
  6231 | D:6      | Killed Grinder
  6389 | D:7      | Identified the +6 scale mail of the Past {rElec Dex+4
                  | Stlth+}
  6453 | D:7      | Reached skill level 5 in Invocations
  6872 | D:7      | Found a stormy altar of Qazlal.
  7002 | D:7      | Noticed Joseph
  7031 | D:7      | Joseph changed into Joseph the rime drake
  7031 | D:7      | Noticed Joseph
  7035 | D:7      | Killed Joseph the rime drake
  7263 | D:7      | Reached skill level 5 in Fighting
  7263 | D:7      | Reached skill level 5 in Short Blades
  7263 | D:7      | Reached skill level 5 in Long Blades
  7263 | D:7      | Reached skill level 5 in Axes
  7263 | D:7      | Reached skill level 5 in Maces & Flails
  7263 | D:7      | Reached skill level 5 in Polearms
  7263 | D:7      | Reached skill level 5 in Staves
  7263 | D:7      | Reached skill level 5 in Ranged Weapons
  7263 | D:7      | Reached skill level 5 in Throwing
  7263 | D:7      | Reached skill level 5 in Armour
  7263 | D:7      | Reached skill level 5 in Shields
  7263 | D:7      | Reached skill level 5 in Unarmed Combat
  7263 | D:7      | Reached skill level 5 in Evocations
  7263 | D:7      | Reached XP level 10. HP: 74/74 MP: 12/20
  7712 | D:7      | Reached *** piety under Makhleb
  8085 | D:8      | Noticed Grum
  8103 | D:8      | Killed Grum
  8182 | D:8      | Noticed an orange demon
  8188 | D:8      | Noticed Amaemon
  8201 | D:8      | Gained mutation: Your body sometimes deteriorates upon
                  | taking damage. [potion of mutation]
  8201 | D:8      | Gained mutation: You possess an exceptional clarity of
                  | mind. [potion of mutation]
  8201 | D:8      | Gained mutation: You expend magic power (3 MP) to
                  | strengthen your wands. [potion of mutation]
  8216 | D:8      | Killed Amaemon
  8220 | D:8      | Killed an orange demon
  8248 | D:8      | Found a radiant altar of Vehumet.
  8294 | D:8      | Noticed Maggie
  8303 | D:8      | Killed Maggie
  8482 | D:8      | Found a hide-covered altar of Uskayaw.
  8819 | D:8      | Found a shadowy altar of Dithmenos.
  9307 | D:8      | Lost mutation: Your body sometimes deteriorates upon taking
                  | damage. [potion of mutation]
  9307 | D:8      | Lost mutation: You possess an exceptional clarity of mind.
                  | [potion of mutation]
  9307 | D:8      | Lost mutation: You expend magic power (3 MP) to strengthen
                  | your wands. [potion of mutation]
  9307 | D:8      | Gained mutation: You passively dampen the noise of your
                  | surroundings. [potion of mutation]
  9522 | D:9      | Reached skill level 5 in Conjurations
  9522 | D:9      | Reached skill level 5 in Hexes
  9522 | D:9      | Reached skill level 5 in Summonings
  9522 | D:9      | Reached skill level 5 in Translocations
  9522 | D:9      | Reached skill level 5 in Transmutations
  9522 | D:9      | Reached skill level 5 in Fire Magic
  9522 | D:9      | Reached skill level 5 in Ice Magic
  9522 | D:9      | Reached skill level 5 in Air Magic
  9522 | D:9      | Reached skill level 5 in Earth Magic
  9522 | D:9      | Reached skill level 5 in Poison Magic
  9527 | D:9      | Reached XP level 11. HP: 81/81 MP: 22/22
  9680 | D:9      | Reached **** piety under Makhleb
  9825 | D:9      | Found a staircase to the Lair.
  9936 | D:9      | Reached skill level 9 in Necromancy
 10375 | Lair:1   | Entered Level 1 of the Lair of Beasts
 10461 | Lair:1   | Found a dark tunnel.
 10481 | Volcano  | Entered a volcano
 10536 | Volcano  | Noticed a lindwurm
 10543 | Volcano  | Killed a lindwurm
 10551 | Volcano  | Noticed a lindwurm
 10551 | Volcano  | Noticed a lindwurm
 10562 | Volcano  | Killed from afar by a lindwurm

Illustrated notes

Levels and vault maps discovered:
D:1:      erik_arrival_cave_to_civilisation [erik_arrival_cave_to_temple],
          layout_basic, minivault_27, st_stairs_1
D:2:      layout_rooms
D:3:      layout_basic, ebering_ghost_reflecting_pool,
          chequers_serial_rivers_micro_b, st_stairs_4
D:4:      layout_basic, mainiacjoe_overflow_brackets, kennysheep_mini,
          lemuel_temple_firewalk_a, gammafunk_ghost_gnarly_gnolls,
          dreamdust_wishing_well, uniq_edmund
D:5:      layout_basic
D:6:      layout_basic, mainiacjoe_overflow_catch_the_wave,
          gup_sewer_entry_spiral, serial_shops, shop, kennysheep_mini_moat,
          kennysheep_generic_room_9, uniq_grinder
D:7:      layout_basic, nicolae_qazlal_general_emergency, serial_bayou,
          serial_bayou_pond_b, serial_bayou_shore_b, serial_bayou_shore_b,
          serial_bayou_shore_a, serial_bayou_lagoon_b, uniq_joseph
D:8:      layout_layer_cave, nicolae_vehumet_radiance, grunt_dithmenos_smoke,
          mainiacjoe_overflow_alcove_4, uniq_amaemon, uniq_maggie, uniq_grum
D:9:      layout_gridville, dpeg_oklobed_lair, minmay_crystal_water
Temple:   eino_narrow_crystal_temple
Lair:1:   layout_regular_city, enter_volcano_3, uniq_urug
Volcano:  hellmonk_smoking_crater

Skill      XL: |  1  2  3  4  5  6  7  8  9 10 11 |
---------------+----------------------------------+-----
Spellcasting   | 5 6 7 8 |  8.4
Invocations    | 1 2 3 4 5 6 7 |  7.2
Fighting       | 1 2 3 5 6 |  6.6
Short Blades   | 1 2 3 5 6 |  6.6
Long Blades    | 1 2 3 5 6 |  6.6
Axes           | 1 2 3 5 6 |  6.6
Maces & Flails | 1 2 3 5 6 |  6.6
Polearms       | 1 2 3 5 6 |  6.6
Staves         | 1 2 3 5 6 |  6.6
Ranged Weapons | 1 2 3 5 6 |  6.6
Throwing       | 1 2 3 5 6 |  6.6
Armour         | 1 2 3 5 6 |  6.6
Shields        | 1 2 3 5 6 |  6.6
Unarmed Combat | 1 2 3 5 6 |  6.6
Evocations     | 1 2 3 5 6 |  6.6
Conjurations   | 1 2 3 4 5 |  5.5
Hexes          | 1 2 3 4 5 |  5.5
Summonings     | 1 2 3 4 5 |  5.5
Translocations | 1 2 3 4 5 |  5.5
Transmutations | 1 2 3 4 5 |  5.5
Fire Magic     | 1 2 3 4 5 |  5.5
Ice Magic      | 1 2 3 4 5 |  5.5
Air Magic      | 1 2 3 4 5 |  5.5
Earth Magic    | 1 2 3 4 5 |  5.5
Poison Magic   | 1 2 3 4 5 |  5.5
Dodging        | 5 6 7 8 |  8.1
Stealth        | 5 6 7 |  7.9
Necromancy     | 8 9 |  9.1

Action                     |  1- 3 |  4- 6 |  7- 9 | 10-12 || total
---------------------------+-------+-------+-------+-------++-------
  Melee: Quick blade       |    50 |    69 |   331 |    14 ||   464
         Bite              |     3 |     6 |    42 |    19 ||    70
         Punch             |       |       |    12 |     1 ||    13
         Battleaxe         |       |       |       |   120 ||   120
  Throw: Boomerang         |       |       |    24 |       ||    24
   Cast: Necrotise         |    14 |     2 |       |       ||    16
         Vampiric Draining |     8 |    11 |    52 |    50 ||   121
         Animate Dead      |       |     2 |    10 |     5 ||    17
         Agony             |       |       |    13 |    12 ||    25
 Invoke: Minor Destruction |       |       |     4 |     9 ||    13
         Lesser Servant of |       |       |       |     2 ||     2
  Evoke: Wand              |       |       |     3 |     4 ||     7
         Phial of floods   |       |       |       |     1 ||     1
    Use: Scroll            |     8 |     3 |     4 |     4 ||    19
         Potion            |       |     2 |     5 |     5 ||    12
   Stab: Sleeping          |     2 |       |     7 |     4 ||    13
         Distracted        |       |       |     1 |       ||     1
 Armour: Robe              |    11 |    11 |       |       ||    22
         Leather armour    |       |     3 |    13 |       ||    16
         Ring mail         |       |       |    22 |    50 ||    72
         Skin              |       |       |     3 |       ||     3
  Dodge: Dodged            |    45 |    99 |   341 |   424 ||   909
